 Dungeon Crawl Stone Soup version 0.29-a0-1016-g236c7fd91e (webtiles) character file.

Game seed: 8142939870052865127

560 RBrandon the Skirmisher (level 7, 0/39 HPs)
             Began as a Deep Elf Gladiator on Aug 9, 2022.
             Was a Priest of Jiyva.
             Slain by a steam dragon (6 damage)
             ... on level 5 of the Dungeon.
             The game lasted 00:10:37 (3517 turns).

RBrandon the Skirmisher (Deep Elf Gladiator)        Turns: 3517, Time: 00:10:37

Health: 0/39       AC:  6    Str: 14 (17) XL:     7   Next: 9%
Magic:  18/18      EV: 12    Int: 10 (13) God:    Jiyva [***...]
Gold:   150        SH:  0    Dex: 15 (18) Spells: 6/6 levels left

rFire   . . .      SeeInvis .   b - +0 sling
rCold   . . .      Faith    .   (no shield)
rNeg    . . .      Spirit   .   k - +0 ring mail
rPois   .          Reflect  .   c - +0 helmet
rElec   .          Harm     .   (no cloak)
rCorr   +          Rampage  .   (no gloves)
Will    .....                   (no boots)
Stlth   +.........              (no amulet)
HPRegen 1.25/turn               i - +6 ring of strength
MPRegen 0.51/turn               l - ring of magical power

@: no status effects
A: no striking features
a: Renounce Religion, Oozemancy


You were on level 5 of the Dungeon.
You worshipped Jiyva.
Jiyva was most pleased with you.
You visited 1 branch of the dungeon, and saw 5 of its levels.

You collected 150 gold pieces.

Inventory:

Hand Weapons
 a - a +0 quarterstaff
 b - a +0 sling (weapon)
 p - a +1 broad axe of freezing
   (You found it on level 4 of the Dungeon)
 r - a +0 rapier
Missiles
 d - 3 throwing nets
 e - a javelin
Armour
 c - a +0 helmet (worn)
 f - a +0 leather armour
 h - a +2 kite shield
 k - a +0 ring mail (worn)
Jewellery
 i - a +6 ring of strength (left hand)
 l - a ring of magical power (right hand)
 n - a ring of flight
Scrolls
 m - a scroll of teleportation
Potions
 o - a potion of experience {unknown}
 q - a potion of flight {unknown}


   Skills:
 - Level 1.7 Fighting
 - Level 3.1 Staves
 + Level 9.6 Ranged Weapons
 - Level 2.1 Throwing
 - Level 3.7 Dodging


You had 6 spell levels left.
You didn't know any spells.
Your spell library contained the following spells:

 Spells                   Type           Power      Damage    Failure   Level
 Sublimation of Blood     Necr           0%         N/A       75%         2
 Wereblood                Tmut           0%         N/A       75%         2
 Summon Hydra             Summ           0%         N/A       100%        7


Dungeon Overview and Level Annotations

Branches:
Dungeon (5/15)             Temple (0/1) D:5

Altars:
Kikubaaqudgha
Qazlal
Sif Muna
Trog
Uskayaw
Jiyva

Shops:
D:4 *

Annotations:
D:2 Sigmund


Message History

You shoot a sling bullet. The sling bullet hits the steam dragon.
The steam dragon is heavily wounded.
You shoot a sling bullet.
The sling bullet hits the steam dragon but does no damage.
The steam dragon is heavily wounded.
You shoot a sling bullet.
The sling bullet hits the steam dragon but does no damage.
The steam dragon is heavily wounded.
The steam dragon breathes steam at you. The ball of steam hits you!
You shoot a sling bullet.
The sling bullet hits the steam dragon but does no damage.
The steam dragon is heavily wounded.
You are engulfed in a cloud of scalding steam.
* * * LOW HITPOINT WARNING * * *
The steam dragon attacks as you move away!
The steam dragon bites you.
* * * LOW HITPOINT WARNING * * *
The steam dragon closely misses you.
The jelly is engulfed in a cloud of scalding steam.
The steam dragon bites the jelly!
The acid corrodes the steam dragon!
The steam dragon is burned by acid!
The steam dragon claws the jelly.
The jelly dies!
You aren't carrying any items that you can evoke.
It was a potion of curing.
You feel better.
You shoot a sling bullet. The sling bullet hits the steam dragon.
The steam dragon is severely wounded.
The steam dragon breathes steam at you. The ball of steam hits you!
* * * LOW HITPOINT WARNING * * *
It was a potion of degeneration.
There was something very wrong with that liquid.
You feel weakened.
You feel dopey.
You feel clumsy. The steam dragon bites you.
* * * LOW HITPOINT WARNING * * *
The steam dragon claws you but does no damage.
Okay, then.
The steam dragon attacks as you move away!
The steam dragon bites you.
You die...

...# #..#...# ##.#.....# ...#
####.#.# #.#.....# ...#
#####.#.### #.......# ...###
##.........## ##D###.##
..<..####...≈≈.≈≈...## ##.~#####
...#.##...≈..≈.≈..≈..####..~≈≈≈≈#
...#.##...≈≈.....≈≈.......~≈~~≈≈≈
.J............_..........~~≈~~≈≈≈
..........≈≈....@D≈.....~~≈.≈≈≈≈≈
.....##...≈.§≈§§§.≈......~~≈~####
.....#......≈≈§≈≈........~~~~..
.....#.#...........#...#.≈~~~.>#
######.##.......####.###..~~~~##
.......########## #.. .~≈~~~.#
########


You could see a steam dragon (corroded).

Vanquished Creatures
  Eustachio (D:4)
  Menkaure (D:4)
  An ogre (D:5)
  2 hounds
  2 iguanas (D:5)
  2 orc wizards (D:5)
  4 adders
  A gnoll (D:1)
  A worm (D:3)
  2 dart slugs (D:1)
  9 orcs
  3 ball pythons
  2 bats (D:1)
  An endoplasm (D:1)
  3 giant cockroaches
  4 goblins
  9 hobgoblins
  4 kobolds
  6 quokkas
  3 frilled lizards
61 creatures vanquished.

Vanquished Creatures (others)
  Edmund (D:4)
  10 jellies
  2 hounds
  2 orc priests (D:3)
  An adder (D:5)
  2 worms (D:5)
  An orc (D:3)
  2 endoplasms (D:2)
  2 jackals (D:2)
  A frilled lizard (D:3)
  A goblin (D:2)
  A rat (D:3)
  2 plants (D:5)
28 creatures vanquished.

Grand Total: 89 creatures vanquished

Notes
Turn   | Place    | Note
-------+----------+-------------------------------------------
     0 | D:1      | RBrandon the Deep Elf Gladiator began the quest for the
                  | Orb.
     0 | D:1      | Reached XP level 1. HP: 12/12 MP: 3/3
   347 | D:1      | Reached skill level 1 in Ranged Weapons
   347 | D:1      | Reached XP level 2. HP: 17/17 MP: 4/4
   388 | D:1      | Reached skill level 2 in Ranged Weapons
   626 | D:1      | Reached skill level 3 in Ranged Weapons
   626 | D:1      | Reached XP level 3. HP: 21/21 MP: 5/5
   887 | D:1      | Found a faded altar of an unknown god.
   946 | D:1      | Prayed at the altar of an unknown god.
   946 | D:1      | Became a worshipper of Jiyva Jeden the Shapeless
   946 | D:1      | Reached * piety under Jiyva
  1029 | D:2      | Found a bloodstained altar of Trog.
  1036 | D:2      | Noticed Sigmund
  1367 | D:2      | Reached ** piety under Jiyva
  1485 | D:2      | Reached skill level 4 in Ranged Weapons
  1647 | D:3      | Found a stormy altar of Qazlal.
  1803 | D:3      | Reached XP level 4. HP: 26/26 MP: 6/6
  2000 | D:3      | Reached *** piety under Jiyva
  2337 | D:4      | You fall into a shaft and drop 1 floor!
  2337 | D:5      | Entered Level 5 of the Dungeon
  2381 | D:5      | Reached skill level 5 in Ranged Weapons
  2396 | D:5      | Noticed an ogre
  2406 | D:5      | Killed an ogre
  2407 | D:5      | Reached skill level 7 in Ranged Weapons
  2407 | D:5      | Reached XP level 5. HP: 11/30 MP: 7/7
  2455 | D:5      | Found a staircase to the Ecumenical Temple.
  2477 | D:5      | Noticed an ice beast
  2626 | D:4      | Reached XP level 6. HP: 34/35 MP: 8/8
  2769 | D:4      | Noticed Menkaure
  2772 | D:4      | Killed Menkaure
  2773 | D:4      | Reached skill level 8 in Ranged Weapons
  2775 | D:4      | Noticed Eustachio
  2863 | D:4      | Killed Eustachio
  2864 | D:4      | Reached skill level 9 in Ranged Weapons
  2919 | D:4      | Killed Edmund
  2954 | D:4      | Found a hide-covered altar of Uskayaw.
  2995 | D:4      | Found Peng's Practical Paraphernalia.
  3135 | D:4      | Found a shimmering blue altar of Sif Muna.
  3350 | D:5      | Reached XP level 7. HP: 20/39 MP: 9/9
  3377 | D:5      | Found an ancient bone altar of Kikubaaqudgha.
  3413 | D:5      | Noticed a steam dragon
  3517 | D:5      | Slain by a steam dragon

Illustrated notes

Levels and vault maps discovered:
D:1:      dpeg_arrival_tiny_i, layout_loops_ring,
          shapermc_ecumenical_altar_mp_vishouse, nicolae_figureground_sparkle
D:2:      layout_basic, basic_altar, uniq_sigmund
D:3:      layout_loops_ring, mainiacjoe_overflow_24_doors,
          kennysheep_generic_room_12
D:4:      wad_crossroads, layout_rooms, general_overflow_altar,
          lemuel_crystal_altar, nicolae_alphabet_shops, grunt_decor_arrowhead,
          uniq_eustachio, uniq_edmund, uniq_menkaure
D:5:      layout_basic, mainiacjoe_overflow_small_starburst,
          mainiacjoe_overflow_boulevard, minmay_temple_entry_mist,
          cheibrodos_sewer_entry_bend, chequers_serial_rivers_large_a

Skill      XL: |  1  2  3  4  5  6 |
---------------+-------------------+-----
Ranged Weapons | 1 3 4 7 9 |  9.6
Fighting       | |  1.7
Staves         | |  3.1
Throwing       | |  2.1
Dodging        | |  3.7

Action                   |  1- 3 |  4- 6 |  7- 9 || total
-------------------------+-------+-------+-------++-------
Melee: Quarterstaff      |    17 |       |       ||    17
 Fire: Sling             |   125 |   128 |    14 ||   267
Invok: Oozemancy         |       |     3 |       ||     3
  Use: Scroll            |     4 |     3 |     1 ||     8
       Potion            |       |     1 |     2 ||     3
Armor: Leather armour    |    10 |       |       ||    10
       Ring mail         |     3 |    52 |     2 ||    57
Dodge: Dodged            |    45 |    88 |     1 ||   134

Table legend: (Time is in decaauts)
 A = Elapsed time spent in this place.
 B = Non-inter-level travel time spent in this place.
 C = Inter-level travel time spent in this place.
 D = Time resting spent in this place.
 E = Time spent auto-exploring this place.
 F = Levels seen in this place.
 G = Mean time per level.
                   A        B        C        D        E       F      G
               +--------+--------+--------+--------+--------+-----+--------+
         Total |   3568 |   3451 |    117 |    345 |   2190 |   5 |  713.6 |
       Dungeon |   3568 |   3451 |    117 |    345 |   2190 |   5 |  713.6 |
               +--------+--------+--------+--------+--------+-----+--------+

Top non-repeatable levels by time:
     D:1: 1015 daAuts
     D:3: 763 daAuts
     D:4: 662 daAuts
     D:2: 594 daAuts
     D:5: 532 daAuts

Table legend:
 A = Kills in this place as a percentage of kills in entire the game.
 B = Kills by you in this place as a percentage of kills by you in the entire game.
 C = Kills by friends in this place as a percentage of kills by friends in the entire game.
 D = Other kills in this place as a percentage of other kills in the entire game.
 E = Experience gained in this place as a percentage of experience gained in the entire game.
 F = Experience gained in this place divided by the number of levels of this place that you have seen.
                   A       B       C       D       E      F
               +-------+-------+-------+-------+-------+----------------------
         Total | 100.0 | 100.0 |   N/A |   N/A | 100.0 | 160.2
       Dungeon | 100.0 | 100.0 |   N/A |   N/A | 100.0 | 160.2
               +-------+-------+-------+-------+-------+----------------------
